 Dungeon Crawl Stone Soup version 0.30-a0-591-g3c58d2bc28 (webtiles) character file.

Game seed: 2635400343243361211

25 wormed the Insei (level 3, -3/23 HPs)
             Began as an Octopode Transmuter on Jan 4, 2023.
             Slain by Terence
             ... wielding a +0 flail
              (5 damage)
             ... on level 2 of the Dungeon.
             The game lasted 00:01:36 (1256 turns).

wormed the Insei (Octopode Transmuter)              Turns: 1256, Time: 00:01:37

Health: -3/23      AC:  1    Str:  9    XL:     3   Next: 6%
Magic:  4/6        EV: 13    Int: 17    God:
Gold:   169        SH:  0    Dex: 12    Spells: 3/6 levels left

rFire   . . .      SeeInvis .      - Unarmed
rCold   . . .      Faith    .    (no shield)
rNeg    . . .      Spirit   .    (helmet currently unavailable)
rPois   .          Reflect  .    (no amulet)
rElec   .          Harm     .    (no ring)
rCorr   .          Rampage  .    (no ring)
Will    .....                    (no ring)
Stlth   ++                       (no ring)
HPRegen 0.23/turn                (no ring)
MPRegen 0.10/turn                (no ring)
                                 (no ring)
                                 (no ring)

@: appendages (expiring), wereblooded
A: tentacle spike 3, almost no armour, amphibious, 8 rings, camouflage 1,
gelatinous body 1, (nimble swimmer 1), tentacles
a: End Transformation


You were on level 2 of the Dungeon.
One of your tentacles had grown a beastly spike.
You visited 1 branch of the dungeon, and saw 2 of its levels.

You collected 169 gold pieces.

Inventory:

Scrolls
 c - 2 scrolls of enchant armour {unknown}
 d - 2 scrolls of brand weapon {unknown}
 f - a scroll of vulnerability {unknown}
 g - a scroll of identify {unknown}
Potions
 a - 2 potions of lignification
 b - a potion of curing {unknown}
 e - a potion of brilliance {unknown}
 h - a potion of might {unknown}
 i - a potion of resistance {unknown}


   Skills:
 - Level 1.0 Fighting
 - Level 2.0 Dodging
 - Level 3.0 Unarmed Combat
 + Level 2.4 Spellcasting
 + Level 2.5 Transmutations
 + Level 1.2 Ice Magic


You had 3 spell levels left.
You knew the following spells:

 Your Spells              Type           Power      Damage    Failure   Level
a - Beastly Appendage     Tmut           20%        N/A       6%          1
b - Wereblood             Tmut           10%        N/A       10%         2

Your spell library contained the following spells:

 Spells                   Type           Power      Damage    Failure   Level
 Passwall                 Tmut/Erth      5%         N/A       17%         2
 Magic Dart               Conj           8%         1d3       19%         1
 Ensorcelled Hibernation  Hex/Ice        8%         N/A       22%         2
 Call Imp                 Summ           2%         N/A       28%         2
 Spider Form              Tmut/Pois      6%         N/A       32%         3
 Ignite Poison            Fire/Tmut/Pois 5%         N/A       36%         3
 Inner Flame              Hex/Fire       2%         N/A       50%         3
 Kindle Blastsparks       Fire/Tloc/Air  4%         2d10      50%         3
 Mephitic Cloud           Conj/Pois/Air  2%         N/A       50%         3
 Swiftness                Air            2%         N/A       50%         3
 Ice Form                 Ice/Tmut       8%         N/A       63%         4
 Flame Wave               Conj/Fire      2%         2d4       88%         4
 Sticky Flame             Conj/Fire      2%         2d3       88%         4
 Freezing Cloud           Conj/Ice/Air   1%         6-21      99%         5


Dungeon Overview and Level Annotations

Branches:
Dungeon (2/15)

Altars:

Shops:
D:1 [

Annotations:
D:2 Terence


Innate Abilities, Weirdness & Mutations

One of your tentacles has grown a beastly spike.
You cannot wear most types of armour.
You are amphibious.
You can wear up to eight rings at the same time.
Your skin changes colour to match your surroundings (Stealth+).
Your rubbery body absorbs attacks. (AC +1, EV +1)
((You are camouflaged when in or above water. (Stealth+)))
You have tentacles for arms and can constrict up to eight enemies at once.


Message History

Found a stone staircase leading up.
You now have 169 gold pieces (gained 9).
Found a whip.
As you open the door, it creaks loudly!
There is an open door here.
You open the door.
Terence the Incautious comes into view.
He is wielding a +0 flail and carrying a wand of digging (9).
There is an open door here.
Terence is nearby!
Terence is nearby!
Terence is nearby!
Casting: Beastly Appendage (safe; 6% risk of failure)
Confirm with . or Enter, or press ? or * to list all spells.
One of your tentacles grows a vicious spike.
Casting: Beastly Appendage (safe; 6% risk of failure)
Confirm with . or Enter, or press ? or * to list all spells.
Your blood is infused with primal strength.
Terence shouts!
Terence looks scornfully at you.
You tentacle-slap Terence. You grab Terence.
Terence is lightly wounded.
You constrict Terence, but do no damage.
You tentacle-slap Terence.
You pierce Terence.
You squeeze Terence.
Terence is severely wounded.
You constrict Terence, but do no damage.
Terence misses you.
You tentacle-slap Terence.
Terence is severely wounded.
You constrict Terence, but do no damage.
Terence hits you with a +0 flail!
You completely miss Terence.
You pierce Terence, but do no damage.
Terence is severely wounded.
You constrict Terence. Terence hits you with a +0 flail!
* * * LOW HITPOINT WARNING * * *
You tentacle-slap Terence. You squeeze Terence, but do no damage.
Terence is almost dead.
Your transformation is almost over.
You constrict Terence, but do no damage.
Terence hits you with a +0 flail.
You die...

#.# ####### ...#.#
#.# #...... #..#.#
#.# #.##### ..#.#
#.# ##### #...#
#.# #.... .... #.#
#.### ..#
#.#######....
#@####.......####.
#@#...######.# #.
#.'...##.....# #.
###...##.##### #.
###+###'########.
.................
###......########
#......# #......#
#..)...#


You could see Terence.

Vanquished Creatures
  3 ball pythons
  2 endoplasms (D:1)
  A giant cockroach (D:1)
  2 goblins (D:1)
  2 hobgoblins (D:1)
  3 jackals (D:1)
  3 frilled lizards
  3 kobolds (D:1)
  6 rats (D:1)
25 creatures vanquished.

Notes
Turn   | Place    | Note
-------+----------+-------------------------------------------
     0 | D:1      | wormed the Octopode Transmuter began the quest for the Orb.
     0 | D:1      | Reached XP level 1. HP: 13/13 MP: 3/3
     6 | D:1      | Noticed an iguana
     6 | D:1      | Noticed a hound
     6 | D:1      | Noticed a swamp worm
     7 | D:1      | Noticed a polar bear
     7 | D:1      | Noticed a swamp drake
   286 | D:1      | Found Syqatil's Armour Shoppe.
   440 | D:1      | Reached XP level 2. HP: 13/18 MP: 3/5
   528 | D:1      | Reached skill level 1 in Ice Magic
  1095 | D:1      | Reached XP level 3. HP: 18/23 MP: 4/6
  1122 | D:1      | Learned a level 2 spell: Wereblood
  1246 | D:2      | Noticed Terence
  1256 | D:2      | Slain by Terence

Illustrated notes

Levels and vault maps discovered:
D:1:      onia_arrival_zoo_common, layout_basic, serial_shops, shop_coins,
          nrook_uturn
D:2:      layout_basic, hex_large, uniq_natasha, uniq_terence

Skill      XL: |  1  2 |
---------------+-------+-----
Ice Magic      | 1 |  1.2
Fighting       | |  1.0
Dodging        | |  2.0
Unarmed Combat | |  3.0
Spellcasting   | |  2.4
Transmutations | |  2.5

Action                   || total
-------------------------++-------
Melee: Unarmed           ||    53
       Kick              ||    16
       Constrict         ||    15
       Tentacles         ||    11
       Punch             ||     1
 Cast: Beastly Appendage ||    17
       Wereblood         ||     1
 Stab: Sleeping          ||     4
Armor: Skin              ||     3
Dodge: Dodged            ||    28

Table legend: (Time is in decaauts)
 A = Elapsed time spent in this place.
 B = Non-inter-level travel time spent in this place.
 C = Inter-level travel time spent in this place.
 D = Time resting spent in this place.
 E = Time spent auto-exploring this place.
 F = Levels seen in this place.
 G = Mean time per level.
                   A        B        C        D        E       F      G
               +--------+--------+--------+--------+--------+-----+--------+
         Total |   1252 |   1210 |     42 |      0 |   1036 |   2 |  626.0 |
       Dungeon |   1252 |   1210 |     42 |      0 |   1036 |   2 |  626.0 |
               +--------+--------+--------+--------+--------+-----+--------+

Top non-repeatable levels by time:
     D:1: 1162 daAuts
     D:2: 90 daAuts
